AoeStats
← CNZS_98T

Arabia

510289884Analyzed
1v1 RM · 4h ago on Sep 30, 2026· 30m 29s· 2 players
Game mode
Random Map
Map size
Tiny (2 player)
Population
200
Speed
Normal
Resources
Standard
Victory
Conquest
Starting age
Dark Age
Ending age
Imperial Age
RankedLock teamsTeams togetherTeam positionsShared explorationLock speedFull tech treeHidden civsTurbo modeCheats
Victory
Defeat
🇳🇱 Turks · Netherlands
2591
+4
🇹🇼 Ethiopians · Taiwan
2263
-4
CNZS_98T
8:49 Feudal Age
9:23 Double-Bit Axe
11:23 Horse Collar
14:41 Fletching
15:27 Loom
19:04 Castle Age
18:15 Scale Barding Armor
19:04 Bloodlines
20:04 Wheelbarrow
20:32 Forging
24:59 Husbandry
25:10 Bow Saw
26:03 Town Watch
30:22 Bodkin Arrow
米克斯
6:52 Loom
8:58 Feudal Age
9:42 Double-Bit Axe
19:40 Castle Age
18:48 Gold Mining
21:07 Fletching
21:49 Bodkin Arrow
27:05 Devotion
26:55 Town Watch
Connection lost

Rejoining the realm…

Still unreachable

The connection could not be restored.

Session expired

The server has moved on; the page needs a fresh start.